General information
			
			
        
        - name: BNet
 
        - type: Ladder team game (AT/RT)
 
        - host: Battle.net
 
        - saver: TIMG4STRok
 
        
map: Monsoon 
        - players: 6
 
        - length: 14:55
 
        - speed: Fast
 - version: 1.22 W3XP
 - replay type:  

 
» download(129 KB)
Players
        team 1 (loser) 
              
              
AzNKrAzYPhO (
red | 85 APM | 1259 actions | 14:52)
              
 2 Priestess of the Moon 
 1 Searing Arrows
 1 Trueshot Aura
 
                » actions 
                
                | Basic commands | 107 |  | 
| Build / train | 25 |  | 
| Enter build submenu | 8 |  | 
| Enter hero's abilities submenu | 2 |  | 
| Right click | 917 |  | 
| Select / deselect | 181 |  | 
| Use ability | 19 |  | 
                1259 total
 » units 
                » buildings
                
                | Altar of Elders | 1 |  | 
| Moon Well | 4 |  | 
| Hunter's Hall | 1 |  | 
| Ancient of War | 2 |  | 
                8 total
 » build order
                00:06 Altar of Elders
00:19 Moon Well
01:55 Hunter's Hall
01:59 Ancient of War
02:01 Ancient of War
02:13 Moon Well
02:44 Moon Well
04:12 Moon Well
» items
                
                | Scroll of Town Portal | 1 |  | 
| Scroll of Protection | 1 |  | 
| Scroll of Healing | 1 |  | 
                3 total
  
               
              
              
G[o]ldFinger (
purple | 76 APM | 1135 actions | 14:51)
              
 3 Death Knight 
 2 Death Coil
 1 Unholy Aura
 2 Lich 
 1 Frost Nova
 1 Dark Ritual
 1 Crypt Lord 
 1 Impale
 
                » actions 
                
                | Assign group hotkey | 27 |  | 
| Basic commands | 18 |  | 
| Build / train | 38 |  | 
| Enter build submenu | 17 |  | 
| Enter hero's abilities submenu | 6 |  | 
| Give item / drop item | 1 |  | 
| Right click | 475 |  | 
| Select / deselect | 253 |  | 
| Select group hotkey | 255 |  | 
| Use ability | 45 |  | 
                1135 total
 » units 
                
                | Acolyte | 2 |  | 
| Ghoul | 2 |  | 
| Crypt Fiend | 9 |  | 
| Frost Wyrm | 3 |  | 
                16 total
 » upgrades
                
                | Creature Attack | 3 |  | 
| Web | 1 |  | 
| Burrow | 1 |  | 
| Freezing Breath | 1 |  | 
                6 total
 » buildings
                
                | Graveyard | 1 |  | 
| Crypt | 1 |  | 
| Altar of Darkness | 1 |  | 
| Ziggurat | 8 |  | 
| Tomb of Relics | 1 |  | 
| Nerubian Tower | 1 |  | 
| Halls of the Dead | 1 |  | 
| Black Citadel | 1 |  | 
| Sacrificial Pit | 1 |  | 
| Boneyard | 2 |  | 
                18 total
 » build order
                00:11 Graveyard
00:17 Crypt
00:29 Altar of Darkness
00:32 Ziggurat
00:44 Tomb of Relics
01:13 Ziggurat
01:43 Nerubian Tower
03:52 Halls of the Dead
04:39 Ziggurat
06:17 Black Citadel
06:42 Ziggurat
07:45 Sacrificial Pit
07:48 Ziggurat
08:31 Ziggurat
09:02 Boneyard
09:05 Boneyard
11:55 Ziggurat
13:07 Ziggurat
» items
                
                | Rod of Necromancy | 1 |  | 
| Dust of Appearance | 1 |  | 
| Scroll of Town Portal | 1 |  | 
| Scroll of Healing | 1 |  | 
                4 total
  
               
              
              
yourasianLover (
blue | 49 APM | 726 actions | 14:47)
              
 2 Priestess of the Moon 
 1 Searing Arrows
 1 Scout
 
                » actions 
                
                | Assign group hotkey | 81 |  | 
| Basic commands | 4 |  | 
| Build / train | 59 |  | 
| Enter build submenu | 12 |  | 
| Enter hero's abilities submenu | 2 |  | 
| Remove unit from queue | 8 |  | 
| Right click | 358 |  | 
| Select / deselect | 144 |  | 
| Select group hotkey | 19 |  | 
| Use ability | 39 |  | 
                726 total
 » units 
                » upgrades
                
                | Strength of the Moon | 1 |  | 
| Moon Armor | 1 |  | 
                2 total
 » buildings
                
                | Altar of Elders | 1 |  | 
| Moon Well | 3 |  | 
| Hunter's Hall | 1 |  | 
| Ancient of War | 2 |  | 
| Tree of Life | 1 |  | 
| Ancient Protector | 7 |  | 
                15 total
 » build order
                00:12 Altar of Elders
00:20 Moon Well
01:27 Hunter's Hall
01:50 Ancient of War
02:11 Ancient of War
02:24 Moon Well
03:27 Moon Well
08:14 Tree of Life
08:17 Ancient Protector
08:19 Ancient Protector
09:49 Ancient Protector
09:50 Ancient Protector
09:52 Ancient Protector
12:33 Ancient Protector
13:08 Ancient Protector
» items
                 
               team 2 (winner) 
              
              
ActionJackson3 (
pink | 139 APM | 2074 actions | 14:53)
              
 4 Archmage 
 2 Blizzard
 2 Brilliance Aura
 2 Mountain King 
 1 Storm Bolt
 1 Bash
 
                » actions 
                
                | Assign group hotkey | 43 |  | 
| Basic commands | 263 |  | 
| Build / train | 56 |  | 
| Enter build submenu | 21 |  | 
| Enter hero's abilities submenu | 6 |  | 
| Right click | 585 |  | 
| Select / deselect | 270 |  | 
| Select group hotkey | 741 |  | 
| Use ability | 89 |  | 
                2074 total
 » units 
                
                | Peasant | 21 |  | 
| Footman | 6 |  | 
| Sorceress | 4 |  | 
| Mortar Team | 5 |  | 
| Priest | 1 |  | 
                37 total
 » upgrades
                
                | Defend | 1 |  | 
| Flare | 1 |  | 
| Gunpowder | 1 |  | 
| Sorceress Training | 1 |  | 
| Priest Training | 1 |  | 
                5 total
 » buildings
                
                | Altar of Kings | 1 |  | 
| Barracks | 1 |  | 
| Farm | 6 |  | 
| Scout Tower | 2 |  | 
| Arcane Tower | 1 |  | 
| Arcane Vault | 1 |  | 
| Keep | 1 |  | 
| Blacksmith | 1 |  | 
| Workshop | 3 |  | 
| Arcane Sanctum | 2 |  | 
| Town Hall | 1 |  | 
                20 total
 » build order
                00:12 Altar of Kings
00:20 Barracks
00:25 Farm
01:03 Farm
01:42 Farm
01:55 Scout Tower
02:53 Arcane Tower
02:55 Arcane Vault
04:40 Keep
04:51 Blacksmith
05:47 Farm
05:48 Farm
07:39 Scout Tower
07:42 Workshop
07:44 Arcane Sanctum
07:52 Town Hall
09:59 Farm
12:01 Arcane Sanctum
13:26 Workshop
13:46 Workshop
» items
                
                | Scroll of Regeneration | 1 |  | 
| Potion of Lesser Invulnerability | 1 |  | 
| Scroll of Healing | 1 |  | 
                3 total
  
               
              
              
» 
TIMG4STRok (
orange | 156 APM | 2325 actions | 14:55)
              
 4 Priestess of the Moon 
 2 Trueshot Aura
 1 Searing Arrows
 1 Scout
 
                » actions 
                
                | Assign group hotkey | 25 |  | 
| Basic commands | 126 |  | 
| Build / train | 33 |  | 
| ESC pressed | 1 |  | 
| Enter build submenu | 13 |  | 
| Enter hero's abilities submenu | 4 |  | 
| Right click | 1284 |  | 
| Select / deselect | 146 |  | 
| Select group hotkey | 668 |  | 
| Use ability | 25 |  | 
                2325 total
 » units 
                » upgrades
                
                | Strength of the Moon | 1 |  | 
| Moon Armor | 1 |  | 
| Ultravision | 1 |  | 
| Strength of the Wild | 1 |  | 
                4 total
 » buildings
                
                | Altar of Elders | 1 |  | 
| Moon Well | 5 |  | 
| Hunter's Hall | 1 |  | 
| Ancient of War | 2 |  | 
| Tree of Ages | 1 |  | 
| Ancient of Lore | 2 |  | 
| Tree of Life | 2 |  | 
                14 total
 » build order
                00:12 Altar of Elders
00:22 Moon Well
01:26 Hunter's Hall
01:53 Ancient of War
02:09 Ancient of War
02:22 Moon Well
03:51 Moon Well
05:29 Moon Well
07:56 Tree of Ages
11:28 Ancient of Lore
11:28 Ancient of Lore
12:24 Moon Well
12:30 Tree of Life
13:11 Tree of Life
» items
                
                | Scroll of Healing | 1 |  | 
| Scroll of Protection | 1 |  | 
                2 total
  
               
              
              
YEAHSHESASSBATS (
teal | 108 APM | 1603 actions | 14:53)
              
 4 Death Knight 
 2 Death Coil
 2 Unholy Aura
 3 Lich 
 2 Frost Nova
 1 Frost Armor
 2 Crypt Lord 
 1 Impale
 1 Spiked Carapace
 
                » actions 
                
                | Assign group hotkey | 17 |  | 
| Basic commands | 97 |  | 
| Build / train | 39 |  | 
| ESC pressed | 2 |  | 
| Enter build submenu | 15 |  | 
| Enter hero's abilities submenu | 11 |  | 
| Give item / drop item | 2 |  | 
| Right click | 702 |  | 
| Select / deselect | 323 |  | 
| Select group hotkey | 324 |  | 
| Use ability | 71 |  | 
                1603 total
 » units 
                
                | Acolyte | 2 |  | 
| Ghoul | 4 |  | 
| Crypt Fiend | 7 |  | 
| Frost Wyrm | 3 |  | 
                16 total
 » upgrades
                
                | Burrow | 1 |  | 
| Web | 1 |  | 
| Creature Attack | 2 |  | 
| Creature Carapace | 1 |  | 
                5 total
 » buildings
                
                | Crypt | 1 |  | 
| Graveyard | 1 |  | 
| Altar of Darkness | 1 |  | 
| Ziggurat | 7 |  | 
| Tomb of Relics | 1 |  | 
| Halls of the Dead | 1 |  | 
| Sacrificial Pit | 1 |  | 
| Black Citadel | 1 |  | 
| Boneyard | 2 |  | 
                16 total
 » build order
                00:08 Crypt
00:21 Graveyard
00:36 Altar of Darkness
00:51 Ziggurat
01:16 Tomb of Relics
01:55 Ziggurat
04:25 Halls of the Dead
04:27 Ziggurat
06:05 Ziggurat
07:17 Sacrificial Pit
07:48 Black Citadel
09:19 Ziggurat
10:13 Boneyard
10:51 Boneyard
12:15 Ziggurat
13:50 Ziggurat
» items
                
                | Rod of Necromancy | 1 |  | 
| Dust of Appearance | 1 |  | 
| Potion of Lesser Invulnerability | 2 |  | 
                4 total
  
                Chat log
          (00:10 / Allies) YEAHSHESASSBATS: woudlnt expo
(00:14 / Allies) YEAHSHESASSBATS: unless u have 1000 towers
(00:16 / Allies) TIMG4STRok: id footman tech to gryph
(00:19 / Allies) TIMG4STRok: they going mass hunt
(00:23 / Allies) TIMG4STRok: fiend
(00:55 / Allies) ActionJackson3: might want blizz/fs
(01:06 / All) yourasianLover: gl hf :)
(01:10 / All) ActionJackson3: hf kiddos
(01:30 / Allies) TIMG4STRok: go hit an elf
(01:34 / Allies) TIMG4STRok: and deny his second well and aow
(01:39 / Allies) TIMG4STRok: and just keep him as busy as possible
(02:43 / All) TIMG4STRok: no lag please
(04:11 / All) TIMG4STRok: lmao
(04:17 / Allies) ActionJackson3: can I go morts?
(04:19 / All) TIMG4STRok: hows it feel to mh and still suck
(04:56 / Allies) ActionJackson3: id like to go morts
(05:03 / Allies) YEAHSHESASSBATS: if u can even reach t2
(06:20 / Allies) ActionJackson3: morts n sorcs
(06:21 / Allies) ActionJackson3: hows that
(08:28 / Allies) YEAHSHESASSBATS: go
(08:31 / Allies) TIMG4STRok: focus dk
(08:34 / Allies) TIMG4STRok: dk
(08:35 / Allies) TIMG4STRok: no pot
(08:59 / Allies) YEAHSHESASSBATS: potm
(12:45 / Allies) YEAHSHESASSBATS: flare
(12:46 / Allies) YEAHSHESASSBATS: that expo
(13:19 / Allies) TIMG4STRok: get gyrop
(13:20 / Allies) TIMG4STRok: gyro
(13:21 / Allies) YEAHSHESASSBATS: no
(13:22 / Allies) YEAHSHESASSBATS: we're fine
(13:24 / Allies) TIMG4STRok: ok w/e
(14:00 / Allies) TIMG4STRok: back
(14:00 / Allies) TIMG4STRok: up
(14:02 / Allies) TIMG4STRok: wyrm gonna own yo